 Dungeon Crawl Stone Soup version 0.22-a0-63-geddfa9b (webtiles) character file.

225 KristoblXynda the Shield-Bearer (level 5, -2/45 HPs)
             Began as a Draconian Fighter on Jan 10, 2018.
             Slain by Ijyb
             ... wielding a +3 dagger of electrocution
              (12 damage)
             ... on level 3 of the Dungeon.
             The game lasted 00:06:01 (2243 turns).

KristoblXynda the Shield-Bearer (Draconian Fighter) Turns: 2243, Time: 00:06:02

Health: -2/45      AC:  8    Str: 19    XL:     5   Next: 68%
Magic:  5/5        EV: 11    Int:  9    God:
Gold:   133        SH:  0    Dex: 10    Spells: 4/4 levels left

rFire    . . .     SeeInvis .   a - +0 long sword
rCold    . . .     Gourm    .   b - +0 shield
rNeg     . . .     Faith    .   (armour unavailable)
rPois    +         Spirit   .   j - +1 hat
rElec    .         Reflect  .   r - +0 cloak
rCorr    .         Harm     .   (no gloves)
MR       .....                  h - +0 pair of boots
Stlth    +.........             (no amulet)
HPRegen  0.15/turn              n - ring of poison resistance
MPRegen  0.09/turn              (no ring)

@: confused
A: unfitting armour, cold-blooded, AC +5
a: no special abilities


You were on level 3 of the Dungeon.
You were not hungry.

You visited 1 branch of the dungeon, and saw 3 of its levels.

You collected 133 gold pieces.

Inventory:

Hand Weapons
 a - a +0 long sword (weapon)
Armour
 b - a +0 shield (worn)
 h - a +0 pair of boots (worn)
 j - a +1 hat (worn)
 r - a +0 cloak (worn)
Jewellery
 n - a ring of poison resistance (left hand)
Scrolls
 g - a scroll of fog {unknown}
 i - 2 scrolls of magic mapping
 l - a scroll of amnesia {unknown}
 o - a scroll of immolation {unknown}
 t - a scroll of fear {unknown}
Potions
 c - a potion of might
 f - 2 potions of cancellation
 m - a potion of lignification {unknown}
 q - a potion of brilliance
Comestibles
 d - 12 rations
 p - 5 chunks of flesh


   Skills:
 - Level 3.2 Fighting
 + Level 3.6 Long Blades
 + Level 4.0 Dodging
 - Level 0.3 Stealth
 + Level 4.4 Shields


You had 4 spell levels left.
You didn't know any spells.

Dungeon Overview and Level Annotations

Branches:
Dungeon (3/15)

Altars:
Gozag

Annotations:
D:3 Ijyb


Innate Abilities, Weirdness & Mutations

Your plain brown scales are hard. (AC +5)
You cannot fit into any form of body armour.
You are cold-blooded and may be slowed by cold attacks.


Message History

You feel less confused.
Ijyb hits you with a dagger of electrocution.
* * * LOW HITPOINT WARNING * * *
You closely miss Ijyb.
Ijyb is almost dead.
Ijyb hits you but does no damage.
You hit Ijyb but do no damage.
Ijyb is almost dead.
You block Ijyb's attack. x2
You barely miss Ijyb.
Ijyb is almost dead.
Ijyb zaps a wand.
Your will is overpowered!
You are confused.
You miss Ijyb.
Your tail-slap misses Ijyb.
Ijyb is almost dead.
Ijyb hits you with a dagger of electrocution.
* * * LOW HITPOINT WARNING * * *
You're too confused to move!
Ijyb hits you but does no damage.
You are electrocuted!
You die...

#.........#.####..............#
#......)..#.# #########......#
'(..((....#.# #......#
#...(.....#†# #......#
#.........#.# #......#
#.........#.# ########
#.........'.# ###+###
.(........#.# ##.....##
..........#.# #+@g.....+#
.........##.###....♣....#
.........####...♣...♣...
/........##.#...........
............'..♣..♣..♣..
.........##.#...........
.........####...♣...♣...
.........# ##....♣....#
#........# #+.......+#


You could see Ijyb.

Vanquished Creatures
  An orc priest (D:3)
  Crazy Yiuf (D:2)
  Robin (D:2)
  A gnoll (D:1)
  5 adders
  2 oozes (D:1)
  2 dart slugs
  2 leopard geckos
  6 orcs (D:3)
  A ball python (D:2)
  5 bats
  3 giant cockroaches
  21 goblins
  9 hobgoblins
  10 kobolds
  A quokka (D:2)
  4 frilled lizards (D:2)
  3 rats
78 creatures vanquished.

Notes
Turn   | Place    | Note
-------+----------+-------------------------------------------
     0 | D:1      | KristoblXynda the Draconian Fighter began the quest for the Orb.
     0 | D:1      | Reached XP level 1. HP: 19/19 MP: 1/1
    39 | D:1      | Reached XP level 2. HP: 14/26 MP: 2/2
   505 | D:1      | Reached XP level 3. HP: 31/31 MP: 3/3
   980 | D:2      | Reached XP level 4. HP: 38/38 MP: 4/4
  1151 | D:2      | Found an opulent altar of Gozag.
  1153 | D:2      | Noticed Robin
  1226 | D:2      | Killed Robin
  1850 | D:2      | Found a runed door.
  1940 | D:2      | Noticed Crazy Yiuf
  1942 | D:2      | Killed Crazy Yiuf
  1942 | D:2      | Reached XP level 5. HP: 45/45 MP: 5/5
  2208 | D:3      | Noticed Ijyb
  2243 | D:3      | Slain by Ijyb

Vault maps used:
D:1:      dpeg_arrival_renting, minmay_heptomino_h4
D:2:      kennysheep_another_room, grunt_gozag_breadcrumbs,
          uniq_crazy_yiuf_cottage, uniq_robin
D:3:      grunt_temple_overflow_octagram, first_ration, uniq_ijyb

Skill      XL: |  1  2  3  4  5 |
---------------+----------------+-----
Dodging        | 3 4 |  4.0
Long Blades    | 3 |  3.6
Shields        | 4 |  4.4
Fighting       | |  3.2
Stealth        | |  0.3

Action                   |  1- 3 |  4- 6 || total
-------------------------+-------+-------++-------
Melee: Long sword        |    77 |   159 ||   236
       Tailslap          |    11 |    21 ||    32
Evoke: Wand              |       |     2 ||     2
  Use: Scroll            |       |     4 ||     4
       Potion            |       |     2 ||     2
  Eat: Chunk             |       |     5 ||     5
Armor: Skin              |    32 |    58 ||    90
Dodge: Dodged            |    54 |    55 ||   109
Block: Shield            |    62 |    86 ||   148
       Rpst.: Long sword |    20 |    13 ||    33

Table legend:
 A = Spawn XP
 B = Non-spawn XP
 C = Spawn XP percentage of total XP
 D = Spawn monster count
 E = Non-spawn monster count
 F = Spawn count percentage of total count
 G = Total turns spent on level
                    A         B        C        D         E        F      G
               +---------+---------+-------+---------+---------+-------+---------
         Total |       0 |     322 |   0.0 |       0 |      78 |   0.0 |  2243
               +---------+---------+-------+---------+---------+-------+---------
           D:1 |       0 |      57 |   0.0 |       0 |      19 |   0.0 |   778
           D:2 |       0 |     178 |   0.0 |       0 |      43 |   0.0 |  1238
           D:3 |       0 |      87 |   0.0 |       0 |      16 |   0.0 |   227
               +---------+---------+-------+---------+---------+-------+---------
